[Event "Late-Titled-Tuesday-Blitz-March-12-2024"]
[Site "Chess.com"]
[Date "2024.03.12"]
[Round "5"]
[White "falzehope0"]
[Black "campochess"]
[Result "1-0"]
[WhiteElo "2426"]
[BlackElo "2190"]
[TimeControl "180+1"]
[EndTime "14:52:09 PDT"]
[Termination "falzehope0 won by resignation"]

1. d4 Nf6 2. e3 d6 3. Bd3 Nbd7 4. f4 c5 5. Nf3 cxd4 6. exd4 g6 7. O-O Bg7 8. Nbd2 O-O 9. f5 b6 10. Qe1 Bb7 11. Qh4 Qc7 12. fxg6 hxg6 13. Ng5 Rfe8 14. Bc4 d5 15. Bb5 Nf8 16. Bxe8 Rxe8 17. c3 Ne4 18. Ndxe4 dxe4 19. Nxf7 Bf6 20. Ng5 Qc6 21. Be3 Qb5 22.
Rf2 Qd3 23. Re1 Rd8 24. Qg3 Rd5 25. Nh3 Kh7 26. Nf4 Rg5 27. Qh3+ Kg7 28. Nxd3 exd3 29. Bxg5 1-0

[Event "Late-Titled-Tuesday-Blitz-March-12-2024"]
[Site "Chess.com"]
[Date "2024.03.12"]
[Round "5"]
[White "NMJeevanK"]
[Black "carokannlover213"]
[Result "0-1"]
[WhiteElo "2619"]
[BlackElo "2826"]
[TimeControl "180+1"]
[EndTime "14:52:11 PDT"]
[Termination "carokannlover213 won by resignation"]

1. e4 e5 2. Nc3 Nc6 3. g3 Nf6 4. Bg2 Bc5 5. Nge2 O-O 6. O-O d6 7. h3 Be6 8. Na4 Bb6 9. Kh2 d5 10. Nxb6 axb6 11. d3 dxe4 12. dxe4 Qxd1 13. Rxd1 Rxa2 14.
Rxa2 Bxa2 15. b3 Bb1 16. Rd2 Rd8 17. Rxd8+ Nxd8 18. Bb2 Nc6 19. Nc3 Bxc2 20. Nb5 Bxe4 21. Nxc7 Bxg2 22. Kxg2 Kf8 23. g4 h6 24. Ba3+ Kg8 25.
Kf3 Nd4+ 26. Ke3 Nc2+ 27. Kd3 Nxa3 28. Kc3 b5 29. Kb4 Nc2+ 30. Kxb5 Nd4+ 31. Ka4 Kf8 32. b4 Ke7 33. Ka5 Kd7 34. Nb5 Nxb5 35. Kxb5 0-1

[Event "Late-Titled-Tuesday-Blitz-March-12-2024"]
[Site "Chess.com"]
[Date "2024.03.12"]
[Round "5"]
[White "HanSchut"]
[Black "BrandonJiang123456"]
[Result "1-0"]
[WhiteElo "2326"]
[BlackElo "2141"]
[TimeControl "180+1"]
[EndTime "14:52:16 PDT"]
[Termination "HanSchut won by resignation"]

1. e4 c5 2. Nf3 Nc6 3. d4 cxd4 4. Nxd4 Nf6 5. Nc3 e6 6. Ndb5 d6 7. Bf4 e5 8. Bg5 a6 9. Na3 Be7 10. Nc4 Nd4 11. Be3 Nb5 12. Nxb5 axb5 13. Nb6 Ra5 14. Qd2 Ra6 15. Bxb5+ Nd7 16. Nxc8 Qxc8 17. Bxa6 bxa6 18.
O-O O-O 19. b3 Nf6 20. f3 Rd8 21. c4 Rd7 22. Rfd1 Ne8 23. Rac1 Nc7 24. c5 Qd8 25. c6 1-0

[Event "Late-Titled-Tuesday-Blitz-March-12-2024"]
[Site "Chess.com"]
[Date "2024.03.12"]
[Round "5"]
[White "steepedgames"]
[Black "Rodalquilar"]
[Result "0-1"]
[WhiteElo "2556"]
[BlackElo "2796"]
[TimeControl "180+1"]
[EndTime "14:52:18 PDT"]
[Termination "Rodalquilar won by resignation"]

1. d4 d5 2. Nf3 Nf6 3. Bf4 e6 4. e3 Bd6 5. Bg3 O-O 6. Bd3 c5 7. c3 Qc7 8. Nbd2 Nbd7 9. Bxd6 Qxd6 10. e4 dxe4 11. Nxe4 Nxe4 12. Bxe4 Nf6 13. Bc2 b6 14. dxc5 Qxc5 15. Qd4 Qxd4 16. Nxd4 Bb7 17. O-O a6 18. Rfd1 Rac8 19. a4 Rfd8 20. f3 Kf8 21. Kf2 Ke7 22. Re1 g5 23. Re5 h6 24. Nf5+ Kf8 25. Nxh6 Rd2+ 26.
Re2 Rcd8 27. Re1 a5 28. h3 Ba6 29. g3 Bxe2 30. Rxe2 Nh5 31. Ke3 Nxg3 32. Rxd2 Nf1+ 33. Ke4 Nxd2+ 34. Ke5 Kg7 35. Ng4 0-1

[Event "Late-Titled-Tuesday-Blitz-March-12-2024"]
[Site "Chess.com"]
[Date "2024.03.12"]
[Round "5"]
[White "Goryachkina"]
[Black "cthulhuuu"]
[Result "0-1"]
[WhiteElo "2651"]
[BlackElo "2409"]
[TimeControl "180+1"]
[EndTime "14:52:21 PDT"]
[Termination "cthulhuuu won by resignation"]

1. e4 d6 2. Nc3 Nf6 3. d4 c6 4. f4 Qb6 5. Nf3 Bg4 6. Be2 e6 7. h3 Bxf3 8. Bxf3 d5 9. e5 Nfd7 10.
O-O c5 11. dxc5 Nxc5 12. Kh1 Nc6 13. a3 a5 14. f5 Nxe5 15. fxe6 fxe6 16. Bh5+ g6 17.
Bf4 Bg7 18. Bxe5 Bxe5 19. Bg4 Qxb2 20. Bxe6 Qxc3 21. Qxd5 Rd8 22. Qc4 Qxc4 0-1

[Event "Late-Titled-Tuesday-Blitz-March-12-2024"]
[Site "Chess.com"]
[Date "2024.03.12"]
[Round "5"]
[White "SamuraisOfChess"]
[Black "janhelmer03"]
[Result "1-0"]
[WhiteElo "2580"]
[BlackElo "2404"]
[TimeControl "180+1"]
[EndTime "14:52:22 PDT"]
[Termination "SamuraisOfChess won on time"]

1. e4 c5 2. Nf3 d6 3. d4 cxd4 4.
Nxd4 Nf6 5. f3 g6 6. c4 Bg7 7.
Nc3 Nc6 8. Be3 O-O 9. Be2 a6 10. O-O Bd7 11. Qd2 Rc8 12. Rac1 Ne5 13. b3 h5 14. h3 Kh7 15. f4 Nc6 16. f5 Nxd4 17.
Bxd4 Qa5 18. Bd3 b5 19. Be3 bxc4 20. Bxc4 Bc6 21. Qd3 Bb7 22. e5 dxe5 23. Bxf7 Rxf7 24. fxg6+ Kg8 25. gxf7+ Kxf7 26. Ne2 Rd8 27. Qc4+ Bd5 28. Qc7 Qxc7 29. Rxc7 Be6 30. Bc5 Bf8 31. Ng3 1-0

[Event "Late-Titled-Tuesday-Blitz-March-12-2024"]
[Site "Chess.com"]
[Date "2024.03.12"]
[Round "5"]
[White "CarlosjPineror"]
[Black "Zampronha1971"]
[Result "0-1"]
[WhiteElo "2568"]
[BlackElo "2343"]
[TimeControl "180+1"]
[EndTime "14:52:25 PDT"]
[Termination "Zampronha1971 won by resignation"]

1. e4 c5 2. Nf3 e6 3. g3 Nc6 4.
Bg2 d5 5. exd5 exd5 6. O-O Nf6 7.
Re1+ Be7 8. d4 O-O 9. c3 Bg4 10.
h3 Bxf3 11. Bxf3 cxd4 12. cxd4 Qb6 13. Nc3 Rad8 14. Bg2 Rfe8 15. Ne2 Bb4 16. Rf1 h6 17.
a3 Bf8 18. Rb1 a5 19. Be3 Ne4 20. Qd3 g6 21. Rfd1 Bg7 22. Kh2 Ne7 23. Nc3 Nf5 24. Nxd5 Rxd5 25. Bxe4 Rb5 26. Bxf5 Rxf5 27. d5 Rxf2+ 28.
Bxf2 Qxf2+ 29. Kh1 Re2 0-1

[Event "Late-Titled-Tuesday-Blitz-March-12-2024"]
[Site "Chess.com"]
[Date "2024.03.12"]
[Round "5"]
[White "cristiano78"]
[Black "Thjop"]
[Result "0-1"]
[WhiteElo "2267"]
[BlackElo "2656"]
[TimeControl "180+1"]
[EndTime "14:52:25 PDT"]
[Termination "Thjop won by resignation"]

1. d4 Nf6 2. c4 g6 3. Nc3 Bg7 4. e4 O-O 5. Nf3 d6 6. Be2 e5 7. O-O Nc6 8. d5 Ne7 9. Be3 Ng4 10. Bg5 f6 11. Bh4 h5 12. h3 Nh6 13. Nd2 Bd7 14. f3 g5 15. Bf2 Ng6 16. b4 a5 17. a3 b6 18. c5 axb4 19. axb4 Rxa1 20. Qxa1 bxc5 21. bxc5 g4 22. hxg4 hxg4 23. Nc4 f5 24.
exf5 Bxf5 25. cxd6 cxd6 26. Qa3 Nf4 27. Qxd6 Nxe2+ 28. Nxe2 Bd3 29. Qxd8 Rxd8 30. Bh4 Rb8 31. Nd6 Bxe2 32.
Re1 gxf3 33. gxf3 Bxf3 34. Ne4 Bxe4 35. Rxe4 Nf5 36. Bf2 Rb5 37. d6 Nxd6 38. Rg4 Kf7 39. Kg2 Bf6 40. Bh4 Bxh4 41. Rxh4 Ke6 0-1

[Event "Late-Titled-Tuesday-Blitz-March-12-2024"]
[Site "Chess.com"]
[Date "2024.03.12"]
[Round "5"]
[White "katharinareinecke"]
[Black "javierfreilemartin"]
[Result "0-1"]
[WhiteElo "1971"]
[BlackElo "2296"]
[TimeControl "180+1"]
[EndTime "14:52:28 PDT"]
[Termination "javierfreilemartin won by resignation"]

1. e4 c5 2. Nf3 d6 3. Bb5+ Nd7 4.
O-O Nf6 5. Re1 e5 6. c3 Be7 7. d4 O-O 8. Na3 cxd4 9. cxd4 exd4 10. Nxd4 Ne5 11. Bf1 a6 12. Kh1 Re8 13. Nf5 Bf8 14. Bg5 Neg4 15. Kg1 Qb6 16. Bxf6 Qxf2+ 17. Kh1 Nxf6 18.
Qe2 Qxe2 19. Rxe2 Nxe4 20. Rae1 Bxf5 21. Kg1 Nf6 22. Rxe8 Rxe8 23. Rxe8 Nxe8 24. Nc4 d5 0-1

[Event "Late-Titled-Tuesday-Blitz-March-12-2024"]
[Site "Chess.com"]
[Date "2024.03.12"]
[Round "5"]
[White "Schattman"]
[Black "mightysmasher"]
[Result "0-1"]
[WhiteElo "2446"]
[BlackElo "2596"]
[TimeControl "180+1"]
[EndTime "14:52:32 PDT"]
[Termination "mightysmasher won by checkmate"]

1. f4 d5 2. Nf3 c5 3. g3 Nc6 4.
Bg2 Nf6 5. d3 g6 6. O-O Bg7 7.
c3 O-O 8. Qc2 b6 9. e4 Bb7 10.
h3 Re8 11. e5 Nd7 12. d4 e6 13.
Be3 Rc8 14. Qe2 Na5 15. b3 cxd4 16. cxd4 Qc7 17. Rc1 Qd8 18. Nbd2 Nc6 19. a3 Qe7 20. Bf1 f6 21. h4 fxe5 22. fxe5 Rf8 23. Bh3 h6 24.
Qd3 Qe8 25. b4 a6 26. Kg2 b5 27. Nb3 Rxf3 28. Rxc6 Bxc6 29. Kxf3 Nxe5+ 30. dxe5 d4+ 31. Qe4 Bxe4+ 32. Kxe4 Qc6+ 33. Kxd4 Rd8# 0-1

[Event "Late-Titled-Tuesday-Blitz-March-12-2024"]
[Site "Chess.com"]
[Date "2024.03.12"]
[Round "5"]
[White "tandaleo"]
[Black "Alex_Banzea"]
[Result "0-1"]
[WhiteElo "2480"]
[BlackElo "2662"]
[TimeControl "180+1"]
[EndTime "14:52:40 PDT"]
[Termination "Alex_Banzea won by resignation"]

1. d4 Nf6 2. Bf4 g6 3. e3 Bg7 4.
Nc3 O-O 5. Nf3 b6 6. h4 h5 7. Bd3 Bb7 8. Qe2 d6 9. O-O-O Nbd7 10. Rhg1 Ng4 11. Ng5 e5 12. dxe5 Ndxe5 13. Be4 Bxe4 14. Ncxe4 Qe7 15. f3 Nf6 16. Nxf6+ Qxf6 17. Ne4 Qe6 18. Kb1 b5 19. g4 hxg4 20. fxg4 Nc4 21. c3 Qxe4+ 0-1

[Event "Late-Titled-Tuesday-Blitz-March-12-2024"]
[Site "Chess.com"]
[Date "2024.03.12"]
[Round "5"]
[White "LornerAcosta"]
[Black "Divljasvinja14"]
[Result "1-0"]
[WhiteElo "2625"]
[BlackElo "2491"]
[TimeControl "180+1"]
[EndTime "14:52:41 PDT"]
[Termination "LornerAcosta won by resignation"]

1. Nf3 Nf6 2. d4 g6 3. c3 Bg7 4. Bf4 d6 5. Nbd2 O-O 6. e4 Nbd7 7. h3 b6 8. Be2 Bb7 9. Qc2 Qe8 10. e5 Nd5 11. Bg3 dxe5 12. dxe5 c5 13. O-O Nc7 14. a4 a6 15. Qb3 Ne6 16. Bc4 Nd8 17.
e6 fxe6 18. Bxe6+ Nxe6 19. Qxe6+ Kh8 20. Rfe1 Bf6 21. Ne4 Bxe4 22. Rxe4 Qc8 23. Rd1 Ra7 24. h4 Rd8 25. Qb3 Nf8 26. Rde1 Qc6 27. Ne5 Bxe5 28.
Bxe5+ 1-0

[Event "Late-Titled-Tuesday-Blitz-March-12-2024"]
[Site "Chess.com"]
[Date "2024.03.12"]
[Round "5"]
[White "MatthewG-p4p"]
[Black "Firouzja2003"]
[Result "0-1"]
[WhiteElo "2910"]
[BlackElo "3135"]
[TimeControl "180+1"]
[EndTime "14:52:42 PDT"]
[Termination "Firouzja2003 won by resignation"]

1. e4 e6 2. d4 d5 3. e5 c5 4. c3 Nc6 5. Nf3 Bd7 6. Be2 Nge7 7. Na3 Nf5 8. Nc2 cxd4 9. cxd4 Be7 10. O-O O-O 11.
Bd3 f6 12. g4 fxe5 13. dxe5 Nh6 14. h3 Nf7 15. Re1 Ng5 16. Nxg5 Bxg5 17. Bxg5 Qxg5 18.
Qc1 Rf4 19. Qe3 Raf8 20. Rad1 h5 21. Qg3 hxg4 22. Ne3 Nxe5 23. Be2 Rxf2 24. Nxg4 R2f4 25. Rf1 Ng6 26. Rxf4 Nxf4 27. Bf1 e5 28. Re1 Bxg4 29. hxg4 g6 30. Re3 Kg7 31. Rb3 Rf7 32. Rb5 e4 33.
Qe3 Qxg4+ 34. Kh2 Qh4+ 35. Kg1 Qg5+ 36. Kh2 Qe5 37. Qg3 Qh5+ 38. Kg1 Qf5 39. Qc3+ Qf6 40. Qg3 Nh5 41. Qg2 Qd4+ 42. Kh1 Rxf1+ 43. Qxf1 Ng3+ 0-1

[Event "Late-Titled-Tuesday-Blitz-March-12-2024"]
[Site "Chess.com"]
[Date "2024.03.12"]
[Round "5"]
[White "ukchessbomber"]
[Black "finec2"]
[Result "1-0"]
[WhiteElo "2628"]
[BlackElo "2205"]
[TimeControl "180+1"]
[EndTime "14:52:43 PDT"]
[Termination "ukchessbomber won by resignation"]

1. b4 d5 2. Bb2 Qd6 3. a3 e5 4. e3 Be6 5. d3 Nd7 6. g3 c6 7. Bg2 Qc7 8. Nd2 Ngf6 9. Ngf3 Bd6 10. O-O O-O 11. c4 Qd8 12. Qc1 Rc8 13. Bc3 Re8 14.
Qb2 Bf5 15. e4 Bg4 16. exd5 cxd5 17. c5 Bb8 18. d4 e4 19. Ne1 Be2 20. Nc2 Bxf1 21.
Nxf1 Nf8 22. Nfe3 Ng6 23. a4 Qd7 24. b5 Rcd8 25. Rb1 h5 26. h4 Ng4 27. a5 a6 28.
bxa6 bxa6 29. Bf1 Nxe3 30. Nxe3 f5 31. Qb7 Qxb7 32. Rxb7 f4 33. Nf5 Nf8 34. Rxg7+ Kh8 35. Rg5 e3 36. Rxh5+ Kg8 37. Rg5+ Kh8 38. fxe3 fxe3 39. Be2 Rd7 40. Bxa6 Ra7 41. Bb5 Re4 42. Bd3 Re6 43. Kf1 Rf7 44. Ke2 Ref6 45. g4 Rg6 46.
Rxg6 Nxg6 47. Kxe3 Ne7 48. a6 Nxf5+ 49. Bxf5 Ba7 50.
Ba5 Rf6 51. Bc8 Rc6 52. Bb7 Re6+ 53. Kd3 Kg7 54. Bb6 Bxb6 55. cxb6 Rxb6 56. a7 1-0

[Event "Late-Titled-Tuesday-Blitz-March-12-2024"]
[Site "Chess.com"]
[Date "2024.03.12"]
[Round "5"]
[White "stollenmonster"]
[Black "Zq1"]
[Result "1-0"]
[WhiteElo "2865"]
[BlackElo "2612"]
[TimeControl "180+1"]
[EndTime "14:52:46 PDT"]
[Termination "stollenmonster won by resignation"]

1. e4 c5 2. Nf3 d6 3. d4 cxd4 4.
Nxd4 Nf6 5. Nc3 Nc6 6. g3 g6 7. Nde2 b6 8. Bg2 Ba6 9. O-O Bg7 10. Re1 O-O 11. Nd5 e6 12. Nxf6+ Bxf6 13. c3 Ne5 14. Nf4 Qc7 15. h4 Rad8 16. Rb1 h6 17. Be3 Nc4 18. Bd4 Be5 19. b3 Na5 20. Rc1 Nc6 21. Qd2 Qe7 22.
Be3 Bg7 23. c4 Ne5 24. Qe2 Bb7 25. Nd3 h5 26. Nxe5 Bxe5 27. Bg5 Bf6 28. Bh6 Rfe8 29. Qc2 Qc7 30. Qe2 Bc6 31. Qe3 Qb7 32. Bg5 Qe7 33.
Bxf6 Qxf6 34. e5 1-0

[Event "Late-Titled-Tuesday-Blitz-March-12-2024"]
[Site "Chess.com"]
[Date "2024.03.12"]
[Round "5"]
[White "AmanteDeMoi"]
[Black "Eloist"]
[Result "1/2-1/2"]
[WhiteElo "2589"]
[BlackElo "2457"]
[TimeControl "180+1"]
[EndTime "14:52:50 PDT"]
[Termination "Game drawn by repetition"]

1. Nf3 Nf6 2. e3 b6 3. b3 Bb7 4. Bb2 g6 5. Be2 Bg7 6. O-O O-O 7. c4 c5 8. d4 cxd4 9. Nxd4 Nc6 10. Bf3 Qc7 11. Nc3 Nxd4 12. exd4 Bxf3 13. Qxf3 d5 14. Nxd5 Nxd5 15. Qxd5 Rad8 16. Qe4 Rd7 17. Rad1 Rfd8 18. Rfe1 b5 19. c5 e6 20. a3 Rd5 21. b4 a5 22. Bc3 axb4 23. axb4 e5 24. Qd3 exd4 25. Bd2 Qc6 26. Ra1 Re5 27. Rxe5 Bxe5 28. Ra5 Bc7 29. Rxb5 Ra8 30. f4 Ra2 31. g3 Rxd2 32. Qxd2 Qxb5 33.
Qxd4 Qe2 34. Qd7 Qe1+ 35. Kg2 Qe2+ 36. Kg1 Qe1+ 37. Kg2 Qe2+ 38. Kh3 Qh5+ 39. Kg2 Qe2+ 1/2-1/2

[Event "Late-Titled-Tuesday-Blitz-March-12-2024"]
[Site "Chess.com"]
[Date "2024.03.12"]
[Round "5"]
[White "maurovargas01"]
[Black "Kavyev_Ruslan"]
[Result "0-1"]
[WhiteElo "1839"]
[BlackElo "2505"]
[TimeControl "180+1"]
[EndTime "14:52:51 PDT"]
[Termination "Kavyev_Ruslan won on time"]

1. e4 c6 2. Nc3 d5 3. d3 dxe4 4. Nxe4 Nf6 5. Ng3 Bg4 6. f3 Bc8 7. N1e2 e6 8. Nc3 Bd6 9. Nge4 Bc7 10. g3 h6 11. Bg2 b6 12. Be3 Bb7 13. Qd2 c5 14.
O-O-O Nbd7 15. g4 Nd5 16. g5 Nxe3 17. Qxe3 hxg5 18. Nxg5 Qf6 19. Nge4 Qf4 20. Qxf4 Bxf4+ 21. Kb1 Rxh2 22. Rdg1 Rxh1 23. Rxh1 Ke7 24. Re1 Nf6 25. a3 g5 26. Ne2 Nxe4 27. fxe4 Be5 0-1

[Event "Late-Titled-Tuesday-Blitz-March-12-2024"]
[Site "Chess.com"]
[Date "2024.03.12"]
[Round "5"]
[White "trriinu"]
[Black "CrushingKings"]
[Result "0-1"]
[WhiteElo "2260"]
[BlackElo "2588"]
[TimeControl "180+1"]
[EndTime "14:52:51 PDT"]
[Termination "CrushingKings won on time"]

1. e4 g6 2. d4 Bg7 3. Nc3 c6 4. f4 d5 5. e5 Nh6 6. h3 f6 7.
Be3 O-O 8. Nf3 Nf5 9. Bf2 fxe5 10.
fxe5 Bh6 11. Qd3 Bf4 12. Ne2 Ng7 13. Nxf4 Qa5+ 14. c3 Rxf4 15. Be3 Rf8 16. Bg5 Bf5 17. Qd2 Rf7 18. Be2 Nd7 19. O-O Nf8 20. Bh6 Nfe6 21.
Nh4 Raf8 22. a3 c5 23. dxc5 Qxc5+ 24. Be3 Qc6 25. Rad1 Be4 26. Rxf7 Rxf7 27. Nf3 Nf5 28. Bd4 Ng3 29. Bd3 Nf4 30. Bxe4 Nfe2+ 31. Kh2 dxe4 32.
Ng5 Rf5 33. Qe3 h6 34. Re1 hxg5 35. Rxe2 Nf1+ 0-1

[Event "Late-Titled-Tuesday-Blitz-March-12-2024"]
[Site "Chess.com"]
[Date "2024.03.12"]
[Round "5"]
[White "jstopa4"]
[Black "Oleksandr_Bortnyk"]
[Result "0-1"]
[WhiteElo "2748"]
[BlackElo "3007"]
[TimeControl "180+1"]
[EndTime "14:52:52 PDT"]
[Termination "Oleksandr_Bortnyk won by resignation"]

1. d4 Nf6 2. c4 b6 3. Nf3 Bb7 4. e3 g6 5. Be2 Bg7 6. O-O O-O 7.
b4 e6 8. Bb2 d5 9. c5 a5 10. a3 bxc5 11. bxc5 Ne4 12. Qc2 Bc6 13. Nc3 Nxc3 14. Bxc3 Nd7 15. a4 Nf6 16. Ne5 Be8 17.
Bd3 Nd7 18. f4 Nxe5 19. fxe5 Qg5 20. Rf3 Bc6 21. Bb5 Bb7 22. c6 Bc8 23. Qd2 f6 24.
exf6 Rxf6 25. Rxf6 Bxf6 26. Bxa5 e5 27. dxe5 Bxe5 28.
Qxd5+ Kg7 29. Rf1 Bxh2+ 30. Kxh2 Qxd5 31. Bc3+ Kg8 32. Rf4 Be6 0-1

[Event "Late-Titled-Tuesday-Blitz-March-12-2024"]
[Site "Chess.com"]
[Date "2024.03.12"]
[Round "5"]
[White "Witik"]
[Black "Fandorine"]
[Result "0-1"]
[WhiteElo "2732"]
[BlackElo "2956"]
[TimeControl "180+1"]
[EndTime "14:52:52 PDT"]
[Termination "Fandorine won by resignation"]

1. d4 Nf6 2. Bf4 d6 3. Nf3 g6 4. c4 Bg7 5. Nc3 O-O 6. e3 c5 7. Be2 Bf5 8. Nh4 Bd7 9. O-O Nc6 10. d5 Na5 11. h3 a6 12. a4 Qb6 13. Qc2 Qb3 14. Qxb3 Nxb3 15. Ra3 Nd2 16. Rd1 Nde4 17. Nf3 Nxc3 18. bxc3 Ne4 19. Rc1 b5 20. axb5 axb5 21. Rxa8 Rxa8 22. cxb5 Nxc3 23. Bc4 Nxb5 24. Bg5 Kf8 25.
Rb1 Na3 26. Rb7 Bc8 27. Bxe7+ Ke8 28. Rc7 Nxc4 29. Ng5 Bd7 0-1

[Event "Late-Titled-Tuesday-Blitz-March-12-2024"]
[Site "Chess.com"]
[Date "2024.03.12"]
[Round "5"]
[White "DeArron_Fox"]
[Black "waltereador"]
[Result "0-1"]
[WhiteElo "2524"]
[BlackElo "2335"]
[TimeControl "180+1"]
[EndTime "14:52:52 PDT"]
[Termination "waltereador won on time"]

1. d4 e5 2. dxe5 Nc6 3. Nf3 Qe7 4. Bf4 d6 5. exd6 Qf6 6. Qc1 Bxd6 7. Bxd6 Qxd6 8. e3 Bd7 9. Be2 O-O-O 10. O-O h5 11. Rd1 Qe7 12. Nc3 Nf6 13. Rb1 g5 14. b4 g4 15. Nd4 Nxd4 16. Rxd4 Bf5 17. Rf4 Be6 18. Nb5 a6 19. Nd4 Bxa2 20. Ra1 Bd5 21. b5 axb5 22.
Bxb5 c6 23. Bd3 Kc7 24. Qb2 Nd7 25. Rb1 b6 26. Bf5 Qc5 27. Bxd7 Rxd7 28. Ne6+ Bxe6 29. Qxh8 Qxc2 30. Qe5+ Kb7 31. Rf1 Bc4 32. Qf5 Qxf5 33. Rxf5 Bxf1 34. Kxf1 b5 35. Rxh5 b4 36. Rh4 f5 0-1

[Event "Late-Titled-Tuesday-Blitz-March-12-2024"]
[Site "Chess.com"]
[Date "2024.03.12"]
[Round "5"]
[White "Synctel"]
[Black "PoXerStar"]
[Result "0-1"]
[WhiteElo "1901"]
[BlackElo "2371"]
[TimeControl "180+1"]
[EndTime "14:52:54 PDT"]
[Termination "PoXerStar won on time"]

1. e4 c5 2. Ne2 Nc6 3. Nbc3 g6 4. g3 Bg7 5. Bg2 e6 6. d3 Nge7 7. Be3 d6 8. Qd2 h5 9. h3 Nd4 10. f4 Bd7 11. Nd1 Bc6 12. c3 Nxe2 13. Qxe2 b5 14. Nf2 Nf5 15. exf5 Bxg2 16. Rg1 Bd5 17. c4 bxc4 18. dxc4 Bc6 19. fxg6 fxg6 20. g4 Rb8 21. Nd3 Kf7 22. f5 exf5 23. gxf5 gxf5 24. O-O-O Qa5 25. Rxg7+ Kxg7 26. Rg1+ Kf7 27. Qf2 Be4 0-1

[Event "Late-Titled-Tuesday-Blitz-March-12-2024"]
[Site "Chess.com"]
[Date "2024.03.12"]
[Round "5"]
[White "yobdc"]
[Black "Heydarli77"]
[Result "1-0"]
[WhiteElo "2576"]
[BlackElo "2397"]
[TimeControl "180+1"]
[EndTime "14:52:55 PDT"]
[Termination "yobdc won by resignation"]

1. e4 c5 2. Nf3 e6 3. g3 b6 4. Bg2 Bb7 5. Qe2 d6 6. d4 cxd4 7. Nxd4 Nf6 8. O-O a6 9. c4 Nbd7 10. Nc3 Qc7 11. Be3 g6 12. Rac1 Bg7 13.
Rfd1 O-O 14. b3 Rac8 15. h3 Rfd8 16. Qd2 Qb8 17. Bh6 Bh8 18. Nde2 Nc5 19. Qe3 Qa8 20. f3 d5 21. cxd5 exd5 22. e5 Nfd7 23. f4 Ne6 24. Nxd5 Bxd5 25. Bxd5 Rxc1 26. Nxc1 Qc8 27. Bxe6 fxe6 28.
Qd4 Kf7 29. Ne2 Ke8 30. Bg5 Qc2 31. Bxd8 Nc5 32. Bg5 1-0

[Event "Late-Titled-Tuesday-Blitz-March-12-2024"]
[Site "Chess.com"]
[Date "2024.03.12"]
[Round "5"]
[White "Mikasinski"]
[Black "HajiyevKanan"]
[Result "1-0"]
[WhiteElo "2670"]
[BlackElo "2526"]
[TimeControl "180+1"]
[EndTime "14:52:56 PDT"]
[Termination "Mikasinski won by resignation"]

1. e4 c6 2. d4 d5 3. e5 a6 4. Nf3 Bg4 5. Be2 e6 6. Nbd2 c5 7. c3 Nc6 8. O-O cxd4 9. cxd4 Nge7 10. Nb3 Nf5 11. Be3 Be7 12. Rc1 O-O 13. Qd2 Qb6 14.
h3 Bxf3 15. Bxf3 Nxe3 16. fxe3 a5 17. Nc5 Bxc5 18. Rxc5 f5 19. Rfc1 Rac8 20. Be2 Qb4 21. Qxb4 axb4 22. Bb5 Kf7 23. Bxc6 bxc6 24. Rxc6 Rxc6 25.
Rxc6 Ra8 26. Rc7+ Kf8 27. Rb7 Rxa2 28. Rxb4 h5 29. Kf2 h4 30. Ke2 g5 31. Rb7 Ra1 32. Kf2 Ra2 33. Kf3 Ra1 34. b4 Rf1+ 35. Ke2 Rg1 36. Kf2 Rb1 37. b5 Kg8 38. Re7 Rb2+ 39. Kf3 Rxb5 40. Rxe6 Kg7 41. Rf6 g4+ 42. hxg4 fxg4+ 43. Kxg4 Rb3 44. Rf3 Rb2 45. Kh3 Ra2 46. Kxh4 Rxg2 47.
Rg3+ 1-0

[Event "Late-Titled-Tuesday-Blitz-March-12-2024"]
[Site "Chess.com"]
[Date "2024.03.12"]
[Round "5"]
[White "Gabcur"]
[Black "The_Straightforward_Rook"]
[Result "0-1"]
[WhiteElo "2301"]
[BlackElo "2459"]
[TimeControl "180+1"]
[EndTime "14:52:56 PDT"]
[Termination "The_Straightforward_Rook won by resignation"]

1. e4 c5 2. Nf3 Nc6 3. d4 cxd4 4. Nxd4 e5 5. Ne2 Nf6 6. Nbc3 Bb4 7. a3 Ba5 8. b4 Bb6 9. Ng3 O-O 10. Be2 a5 11. b5 Nd4 12. O-O d6 13. Bg5 Be6 14. Bd3 h6 15.
Bxf6 Qxf6 16. Nd5 Bxd5 17. exd5 Rac8 18. Rc1 g6 19. c3 Nf5 20. Kh1 Nxg3+ 21. fxg3 Qg5 22.
c4 f5 23. Rc2 Bc5 24. a4 e4 25. Be2 Rce8 26. Qc1 Kg7 27. b6 Qxc1 28. Rcxc1 Ra8 29. Rb1 Ra6 30. Rb5 Rxb6 31. Rxb6 Bxb6 32. Rb1 Bc5 33. Rxb7+ Rf7 34. Rb8 Kf6 35. Re8 Re7 36. Rxe7 Kxe7 37. h4 Kf6 38. g4 f4 39. Kh2 g5 40. hxg5+ hxg5 41. Kh1 Ke5 0-1

[Event "Late-Titled-Tuesday-Blitz-March-12-2024"]
[Site "Chess.com"]
[Date "2024.03.12"]
[Round "5"]
[White "Mbneu"]
[Black "Boninknights"]
[Result "1-0"]
[WhiteElo "2257"]
[BlackElo "2425"]
[TimeControl "180+1"]
[EndTime "14:52:56 PDT"]
[Termination "Mbneu won by resignation"]

1. d4 Nf6 2. c4 e6 3. Nf3 a6 4. g3 b5 5. b3 Bb7 6. Bg2 Bb4+ 7. Bd2 Be7 8. O-O c5 9. d5 exd5 10. Nh4 Ne4 11. Nf5 Bf6 12. Bxe4 dxe4 13. Nd6+ Kf8 14. Nxb7 Qc7 15. Bc3 Bxc3 16. Nxc3 Qxb7 17. Qd6+ Kg8 18. Rad1 Nc6 19. Qxc5 bxc4 20. bxc4 Re8 21. f3 exf3 22.
Rxf3 Ne5 23. Re3 f6 24. Nd5 h5 25. Rf1 h4 26. Rxf6 hxg3 27. Rxg3 Qb1+ 28. Rf1 Qxf1+ 29. Kxf1 Rxh2 30. Ne7+ 1-0

[Event "Late-Titled-Tuesday-Blitz-March-12-2024"]
[Site "Chess.com"]
[Date "2024.03.12"]
[Round "5"]
[White "VD_coach"]
[Black "Zavgorodniy_Sergiy"]
[Result "1/2-1/2"]
[WhiteElo "2496"]
[BlackElo "2608"]
[TimeControl "180+1"]
[EndTime "14:52:57 PDT"]
[Termination "Game drawn by repetition"]

1. Nf3 d5 2. d4 Nf6 3. c4 dxc4 4. e3 e6 5. Bxc4 a6 6. O-O b5 7. Bb3 Bb7 8. Nc3 Nbd7 9. Qe2 c5 10. Rd1 Qc7 11. d5 exd5 12. Bxd5 Nxd5 13. Nxd5 Bxd5 14.
Rxd5 Be7 15. e4 O-O 16. Bg5 Nb6 17. Bxe7 Qxe7 18. Rd3 Rfe8 19. e5 Rad8 20. Rad1 c4 21. Rxd8 Rxd8 22. Rxd8+ Qxd8 23. e6 Qe7 24. exf7+ Kxf7 25. Ne5+ Kg8 26. Qe4 g6 27. h4 Kg7 28. g3 Na4 29.
Qd4 Kg8 30. Ng4 h5 31. Nf6+ Kf7 32. Ne4 Kg8 33. Ng5 Nc5 34. Qd5+ Kh8 35. Qd4+ Kg8 36. Qd5+ Kh8 37. Qd4+ Kg8 1/2-1/2

[Event "Late-Titled-Tuesday-Blitz-March-12-2024"]
[Site "Chess.com"]
[Date "2024.03.12"]
[Round "5"]
[White "IngOscarArdila"]
[Black "Malev212"]
[Result "0-1"]
[WhiteElo "2341"]
[BlackElo "2618"]
[TimeControl "180+1"]
[EndTime "14:52:58 PDT"]
[Termination "Malev212 won on time"]

1. d4 g6 2. Nf3 Bg7 3. c4 c5 4. Nc3 cxd4 5. Nxd4 Nc6 6. Nxc6 bxc6 7. Bd2 Nf6 8. e3 d6 9. Be2 O-O 10. O-O a5 11.
Bf3 Bb7 12. Qb3 Rb8 13. Qa4 Nd7 14. a3 Nb6 15. Qb3 Ba6 16. Qc2 Nxc4 17. Bc1 d5 18. Rd1 Ne5 19. Be2 Bxe2 20. Qxe2 Qb6 21. e4 d4 22. Nb1 Rfd8 23. Nd2 d3 24. Qf1 a4 25.
Kh1 Ng4 26. Kg1 Nxf2 27. Nf3 Nxd1+ 0-1

[Event "Late-Titled-Tuesday-Blitz-March-12-2024"]
[Site "Chess.com"]
[Date "2024.03.12"]
[Round "5"]
[White "publicaccountcze"]
[Black "ThaBarWa"]
[Result "1-0"]
[WhiteElo "2191"]
[BlackElo "2357"]
[TimeControl "180+1"]
[EndTime "14:52:59 PDT"]
[Termination "publicaccountcze won by resignation"]

1. e4 c5 2. Nf3 d6 3. d4 cxd4 4. Nxd4 Nf6 5. Nc3 a6 6. Bc4 e6 7. Bg5 Nbd7 8. Qe2 b5 9. Bb3 Qc7 10. O-O-O Nc5 11. Rhe1 Be7 12. Bd5 Bb7 13. Bxb7 Qxb7 14.
Nd5 exd5 15. exd5 Kf8 16. Nc6 Re8 17. Bxf6 gxf6 18. Qh5 Rg8 19. Qh6+ Rg7 20. Re3 Kg8 21.
Rde1 Rg6 22. Nxe7+ Rxe7 23. Rxe7 Qxe7 24. Qxg6+ hxg6 25. Rxe7 Kg7 26. Re8 f5 27. Rd8 Ne4 28.
f3 1-0